 Dungeon Crawl Stone Soup version 0.19-a0-905-ge5e6a15 (webtiles) character file.

133342 matakusis the Spry (level 16, -5/131 HPs)
             Began as a Demonspawn Gladiator on July 4, 2016.
             Was the Champion of Hepliaklqana.
             Slain by a merfolk aquamancer
             ... wielding a +0 rapier
              (14 damage)
             ... on level 3 of the Shoals on July 5, 2016.
             The game lasted 02:07:17 (23859 turns).

matakusis the Spry (Demonspawn Gladiator)          Turns: 23859, Time: 02:07:19

Health: -5/131     AC:  7    Str: 26    XL:     16   Next: 59%
Magic:  0/25       EV: 28    Int: 10    God:    Hepliaklqana [******]
Gold:   1735       SH: 17    Dex: 17    Spells: 0 memorised, 15 levels left

rFire  . . .     SeeInvis .     a - +7 long sword (elec)
rCold  . . .     Gourm    .     D - +1 leather armour of the First Snow {rElec Regen+ Str+3}
rNeg   + . .     Faith    +     E - +3 shield
rPois  +         Spirit   +     (no helmet)
rElec  +         Dismiss  .     M - +2 cloak "Durucuok" {MP+9 Slay+3}
rCorr  .         Reflect  .     (no gloves)
SustAt .         Harm     .     (boots unavailable)
MR     +....                    h - amulet "Lossejoh" {Faith rElec Str+3 Dex-3 Slay+4}
Stlth  ++........               Z - ring "Zim Dick" {rN+ Slay+4 Stlth+}
                                (no ring)

@: about to teleport, studying Stealth, repel missiles, somewhat resistant to
hostile enchantments, unstealthy
A: fangs 1, hooves 3, repulsion field 3, poison resistance, spiny 1, strong 2,
evolution 1, magic shield, magic regeneration
a: Recall Ancestor, Ancestor Identity, Transference, Idealise, Renounce Religion


You were on level 3 of the Shoals.
You worshipped Hepliaklqana.
Hepliaklqana was exalted by your worship.
You were not hungry.

You visited 5 branches of the dungeon, and saw 27 of its levels.
You also visited: Bailey and Ice Cave.

You collected 2475 gold pieces.
You spent 740 gold pieces at shops.

Inventory:

Hand Weapons
 a - a +7 long sword of electrocution (weapon)
Missiles
 d - 8 throwing nets (quivered)
Armour
 D - the +1 leather armour of the First Snow (worn) {rElec Regen+ Str+3}
   (You bought it in a shop on level 6 of the Dungeon)

   It affects your strength (+3).
   It insulates you from electricity.
   It increases your rate of regeneration.
 E - a +3 shield (worn)
 F - a fire dragon hide
 M - the +2 cloak "Durucuok" (worn) {MP+9 Slay+3}
   (You acquired it on level 14 of the Dungeon)

   It affects your accuracy and damage with ranged weapons and melee attacks
   (+3).
   It affects your magic capacity (+9).
Jewellery
 h - the amulet "Lossejoh" (around neck) {Faith rElec Str+3 Dex-3 Slay+4}
   (You bought it in a shop on level 13 of the Dungeon)

   [amulet of faith]

   It allows you to gain divine favour quickly.
   It affects your strength (+3).
   It affects your dexterity (-3).
   It affects your accuracy and damage with ranged weapons and melee attacks
   (+4).
   It insulates you from electricity.
 p - the ring of Ziffiats {rC+ rN+}
   (You found it in a bailey)

   [ring of protection from cold]

   It protects you from cold.
   It protects you from negative energy.
 K - a ring of the Octopus King {AC+1 EV+1 Str+1 Int+1 Dex+1 SInv}
   (You bought it in a shop on level 2 of the Orcish Mines)

   [ring of see invisible]

   It affects your AC (+1).
   It affects your evasion (+1).
   It affects your strength (+1).
   It affects your intelligence (+1).
   It affects your dexterity (+1).
   It lets you see invisible.
 S - an uncursed ring of see invisible
 U - an uncursed ring of resist corrosion
 Z - the ring "Zim Dick" (right hand) {rN+ Slay+4 Stlth+}
   (You acquired it in a bailey)

   [ring of slaying]

   It affects your accuracy and damage with ranged weapons and melee attacks
   (+4).
   It protects you from negative energy.
   It makes you more stealthy.
Wands
 b - a wand of disintegration (17/24)
 i - a wand of digging (11/24)
 x - a wand of disintegration (15/24)
 y - a wand of teleportation (2/9)
 J - a wand of enslavement (13/24)
 N - a wand of confusion (10/48)
Scrolls
 c - 4 scrolls of enchant weapon
 j - 15 scrolls of remove curse
 k - 10 scrolls of identify
 s - 5 scrolls of fear
 t - 3 scrolls of fog
 v - a scroll of recharging
 B - 3 scrolls of blinking
 I - 6 scrolls of teleportation
 W - 2 scrolls of enchant armour
Potions
 e - 3 potions of flight
 g - 3 potions of might
 l - 6 potions of ambrosia
 n - 3 potions of heal wounds
 u - 3 potions of cancellation
 A - 9 potions of curing
 L - a potion of lignification
 R - 5 potions of haste
 T - 4 potions of agility
 Y - a potion of magic
Books
 o - a book of Misfortune

   Spells                             Type                      Level
   a - Confusing Touch                Hexes                        1
   b - Confuse                        Hexes                        3
   c - Gell's Gravitas                Hexes/Translocation          3
   d - Petrify                        Transmutation/Earth          4
   e - Metabolic Englaciation         Hexes/Ice                    5
   f - Yara's Violent Unravelling     Hexes/Transmutation          5
 w - a manual of Stealth
 V - Sesoexie's Catalogue of the Ghastly Glacier
   (You found it in an ice cave)

   Spells                             Type                      Level
   a - Freeze                         Ice                          1
   b - Pain                           Necromancy                   1
   c - Ice Form                       Ice/Transmutation            4
   d - Control Undead                 Necromancy                   4
   e - Cigotuvi's Embrace             Necromancy                   5
   f - Bolt of Cold                   Conjuration/Ice              6
Miscellaneous
 P - a phantom mirror
Comestibles
 f - 18 bread rations
 m - 15 beef jerkies
 q - 29 fruits
 r - 7 meat rations
 z - 4 chunks of flesh
 C - 3 slices of pizza


   Skills:
 * Level 13.3 Fighting
 + Level 11.5 Long Blades
 - Level 1.7 Throwing
 + Level 4.2 Armour
 * Level 16.2 Dodging
 * Level 14.3 Shields
 + Level 1.0 Invocations


You had 15 spell levels left.
You didn't know any spells.

Dungeon Overview and Level Annotations

Branches:
Dungeon (15/15)            Temple (1/1) D:6            Lair (6/6) D:8
 Shoals (3/4) Lair:3        Snake (0/4) Lair:2        Slime (0/5) Lair:6
    Orc (2/2) D:11            Elf (0/3) Orc:2        Vaults (0/5) D:14
 Depths (0/5) D:15

Altars:
Ashenzari
Cheibriados
Dithmenos
Elyvilon
Fedhas
Gozag
Hepliaklqana
Kikubaaqudgha
Makhleb
Nemelex Xobeh
Okawaru
Pakellas
Qazlal
Ru
Sif Muna
Trog
Uskayaw
Vehumet
Xom
Yredelemnul
Zin
The Shining One
Jiyva

Shops:
D:6 [   D:8 =   D:11 [   D:13 *   D:14 [   Orc:2 *[?[

Annotations:
D:10 exclusion: 2 oklob plants
D:12 8 runed doors


Innate Abilities, Weirdness & Mutations

You have hooves in place of feet.
You are surrounded by a strong repulsion field. (EV +4, RMsl)
You are partially covered in sharp spines.
When hurt, damage is shared between your health and your magic reserves.
You regenerate magic rapidly.
You have very sharp teeth.
Your system is resistant to poisons. (rPois)
Your muscles are very strong. (Str +4)
You evolve.


Message History

The water nymph gestures at you while chanting.
The water swirls and strikes you!
As you read the scroll of teleportation, it crumbles to dust.
You feel strangely unstable.
You block the merfolk aquamancer's attack.
The water elemental hits Sagil-Zimu.
Sagil-Zimu completely misses the water elemental.
The water nymph casts a spell at you. The water swirls and strikes you!
The water nymph points at you and mumbles some strange words.
The water swirls and strikes you!
* * * LOW HITPOINT WARNING * * *
A cyclops comes into view.
You feel much better. The water nymph casts a spell at you.
The water swirls and strikes you!
* * * LOW HITPOINT WARNING * * *
The merfolk aquamancer is struck by your spines.
The merfolk aquamancer hits you with a rapier!
You die...

$≈≈≈≈ ≈≈≈≈≈≈≈≈?≈≈≈≈≈≈
≈≈≈≈≈ ..≈≈≈≈≈≈.≈≈≈≈≈#≈≈
≈≈≈≈≈. #.≈≈≈≈≈≈≈≈≈≈≈≈≈≈
≈≈≈≈≈.####...≈≈≈..≈#≈≈≈≈
≈≈≈≈≈...#)....≈≈≈.≈≈≈.≈≈
≈≈≈≈≈≈≈≈...<..≈≈≈≈#.m≈≈≈
≈≈≈≈≈≈≈≈≈≈≈≈..≈≈≈EmE.≈≈m
≈≈≈≈≈≈≈≈≈≈≈≈...≈Rm#E.E≈m
≈≈≈≈≈≈≈≈≈≈≈≈..≈≈@.m...≈C
≈≈≈≈≈≈≈≈≈≈≈≈≈≈≈≈≈..#...≈
≈≈≈≈≈≈.≈≈≈≈≈≈≈≈≈≈.......
≈≈≈≈≈≈≈≈≈≈≈≈≈≈≈≈≈/?..#..
≈≈≈≈≈≈≈≈≈≈≈≈≈≈≈≈≈≈.....
≈≈≈≈≈≈≈≈≈≈≈≈≈≈.....
≈≈≈≈≈≈≈≈≈≈≈≈≈≈....
≈≈≈≈≈≈≈≈≈≈≈≈≈≈≈


You could see the friendly Sagil-Zimu the battlemage, 3 merfolk aquamancers, a
cyclops, 4 water elementals and 3 water nymphs.

Vanquished Creatures
  An Ice Fiend (IceCv)
  Azrael (D:15)
  4 dire elephants (Lair:6)
  A merfolk javelineer (Shoals:2)
  Snorg (Orc:1)
  Josephine (D:14)
  A fire dragon (D:15)
  A great orb of eyes (D:15)
  2 merfolk impalers
  2 centaur warriors (D:15)
  5 hydras
  An anaconda (Lair:6)
  A vault guard (D:14)
  Erolcha (D:10)
  A catoblepas (Lair:5)
  2 merfolk avatars
  Erica (Lair:2)
  A merfolk aquamancer (Shoals:1)
  4 death yaks (Lair:1)
  The ghost of Fenrir042 the Covert, a journeyman SpEn of Dithmenos (D:13)
  2 orc high priests (Orc:2)
  Nergalle (Lair:1)
  An unseen horror (D:15)
  4 skeletal warriors (D:15)
  3 hill giants
  A lindwurm (Lair:3)
  3 sea snakes
  3 harpies (Shoals:2)
  Pikel (D:4)
  3 necromancers (D:14)
  6 orc knights
  14 ugly things
  4 orc sorcerers
  2 wizards (D:14)
  2 deep elf magi (D:12)
  A salamander (D:15)
  7 manticores
  9 elephants
  4 griffons
  3 sirens
  3 cyclopes
  An ice statue (IceCv)
  Maurice (D:9)
  A centaur skeleton (D:14)
  A gargoyle (D:14)
  6 spiny frogs
  The ghost of matakusis the Ducker, a novice DsGl (D:5)
  7 black mambas
  A freezing wraith (D:15)
  6 kobold demonologists
  A torpor snail (Lair:4)
  3 rime drakes
  An efreet (D:15)
  6 komodo dragons
  6 ice devils (IceCv)
  3 golden dragon simulacra (IceCv)
  2 anaconda simulacra (IceCv)
  5 merfolk
  3 meliai (D:13)
  3 trolls
  2 wind drakes
  7 blink frogs
  2 two-headed ogres
  A hornet zombie (D:15)
  2 snapping turtles
  2 water elementals (Shoals:1)
  14 humans (D:14)
  4 wyverns
  A shadow (D:15)
  4 iguanas
  3 wraiths
  50 yaks
  2 dire elephant simulacra (IceCv)
  5 hungry ghosts
  5 fire elementals (D:15)
  Grum (D:9)
  2 basilisks
  A steam dragon (D:10)
  8 hippogriffs
  Menkaure (D:6)
  A death yak simulacrum (IceCv)
  4 harpy simulacra (IceCv)
  8 vampire mosquitoes
  A mottled dragon (D:15)
  3 wargs
  8 water moccasins
  4 hydra simulacra (IceCv)
  3 nagas (Lair:2)
  3 hell hounds (D:15)
  2 iron troll simulacra (IceCv)
  A soldier ant (D:10)
  3 ice beasts
  4 sky beasts
  22 orc warriors
  An eye of draining (D:15)
  A wasp (D:12)
  A black bear (D:12)
  3 phantoms
  An ettin simulacrum (IceCv)
  16 ogres
  16 wolves
  5 boggarts (D:15)
  9 crocodiles
  13 centaurs
  13 giant frogs
  6 big kobolds
  2 water moccasin zombies
  A wyvern skeleton (D:15)
  3 scorpions
  A swamp dragon simulacrum (IceCv)
  6 killer bees (D:8)
  3 wights (D:15)
  An electric eel (D:8)
  6 howler monkeys
  8 crimson imps
  3 centaur zombies
  A giant frog zombie (D:5)
  4 hounds
  2 quasits
  15 orc priests
  6 jellies
  A giant frog skeleton (D:12)
  A wasp zombie (D:12)
  Crazy Yiuf (D:3)
  A gnoll shaman (D:7)
  15 orc wizards
  A polar bear simulacrum (IceCv)
  A spriggan simulacrum (IceCv)
  2 troll simulacra (IceCv)
  8 worker ants
  15 sheep
  2 centaur simulacra (IceCv)
  11 gnolls
  11 adders
  3 ogre simulacra (IceCv)
  57 river rats
  2 shadow imps
  7 white imps (IceCv)
  8 ufetubi (IceCv)
  An ooze (D:1)
  2 adder skeletons
  2 dart slugs
  3 giant geckos
  62 orcs
  A ball python (D:2)
  9 bats (D:1)
  8 giant cockroaches
  14 goblins
  8 hobgoblins
  4 jackals
  17 kobolds
  5 quokkas
  5 giant newts
  8 rats
  9 plants
804 creatures vanquished.

Vanquished Creatures (collateral kills)
  Roxanne (D:15)
  An orc warlord (Bailey)
  2 dire elephants
  A merfolk impaler (Shoals:2)
  A hydra (Lair:4)
  An ice dragon (Shoals:2)
  A centaur warrior (D:15)
  A satyr (Shoals:2)
  A death yak (Lair:1)
  An orc high priest (Orc:2)
  Sonja (D:12)
  2 unseen horrors
  2 sea snakes
  A harpy (Shoals:2)
  A hill giant (D:10)
  An ugly thing (D:15)
  2 orc knights
  A griffon (Shoals:2)
  3 manticores
  A black mamba (Lair:2)
  3 elephants
  3 komodo dragons
  A freezing wraith (IceCv)
  An ice devil (IceCv)
  A rime drake (Lair:4)
  8 merfolk
  A troll (D:12)
  A golden dragon simulacrum (IceCv)
  A blink frog (Lair:4)
  2 snapping turtles
  3 wraiths (D:14)
  4 yaks
  5 humans (D:14)
  2 water elementals (Shoals:1)
  2 hungry ghosts
  4 hippogriffs
  A death yak simulacrum (IceCv)
  A warg (Orc:2)
  A naga (Lair:2)
  2 porcupines
  2 water moccasins
  2 ice beasts
  A phantom (D:9)
  6 orc warriors
  An ogre (D:12)
  4 wolves
  3 sky beasts
  2 centaurs
  A crocodile (Lair:3)
  2 big kobolds
  4 giant frogs
  A gnoll sergeant (D:9)
  A scorpion (D:12)
  2 killer bees (D:8)
  7 electric eels
  A wight (D:15)
  A howler monkey (D:10)
  2 crimson imps
  3 gnoll shamans (D:7)
  An iguana (D:12)
  6 orc wizards
  2 worker ants
  4 sheep
  4 gnolls
  15 river rats
  An adder (D:12)
  A white imp (IceCv)
  2 ufetubi (IceCv)
  A dart slug (D:7)
  A giant gecko (D:7)
  10 orcs
  A hobgoblin (Bailey)
  A jackal (D:6)
  A jackal zombie (D:7)
  12 kobolds
  A fungus (Lair:2)
  8 plants
191 creatures vanquished.

Vanquished Creatures (others)
  2 slaves (D:4)
  A jelly (D:15)
  7 battlemagi
  An adder (D:12)
  A giant gecko (D:8)
  An orc (Orc:2)
  A kobold (D:8)
  A quokka (D:12)
  6 fungi (D:7)
  3 plants
24 creatures vanquished.

Grand Total: 1019 creatures vanquished

Notes
Turn   | Place    | Note
-------+----------+-------------------------------------------
     0 | D:1      | matakusis the Demonspawn Gladiator began the quest for the Orb.
     0 | D:1      | Reached XP level 1. HP: 16/16 MP: 1/1
    92 | D:1      | Reached skill level 3 in Dodging
    92 | D:1      | Gained mutation: You are surrounded by a mild repulsion field. (EV +2) [demonic ancestry]
    92 | D:1      | Reached XP level 2. HP: 16/22 MP: 2/2
   459 | D:1      | Gained mutation: You are partially covered in sharp spines. [demonic ancestry]
   459 | D:1      | Reached XP level 3. HP: 27/27 MP: 3/3
   783 | D:2      | Gained mutation: You have large cloven feet. [demonic ancestry]
   783 | D:2      | Reached XP level 4. HP: 34/34 MP: 4/4
  1013 | D:2      | Found a glowing silver altar of Zin.
  1268 | D:2      | Gained mutation: You expend magic power (3 MP) to strengthen your wands. [potion of mutation]
  1268 | D:2      | Gained mutation: You possess an exceptional clarity of mind. [potion of mutation]
  1268 | D:2      | Gained mutation: You are agile. (Dex +2) [potion of mutation]
  1415 | D:3      | Reached skill level 4 in Dodging
  1825 | D:3      | Found a hide-covered altar of Uskayaw.
  1863 | D:3      | Found a runed door.
  1867 | D:3      | Noticed Crazy Yiuf
  1878 | D:3      | Killed Crazy Yiuf
  1878 | D:3      | Reached XP level 5. HP: 6/40 MP: 5/5
  2574 | D:4      | Gained mutation: You are surrounded by a moderate repulsion field. (EV +3) [demonic ancestry]
  2574 | D:4      | Reached XP level 6. HP: 43/47 MP: 6/6
  2576 | D:4      | Reached skill level 5 in Dodging
  2592 | D:4      | Found a sparkling altar of Nemelex Xobeh.
  2593 | D:4      | Found a deep blue altar of Sif Muna.
  2594 | D:4      | Noticed Pikel
  2594 | D:4      | Noticed a slave
  2594 | D:4      | Noticed a slave
  2594 | D:4      | Noticed a slave
  2596 | D:4      | Noticed a slave
  2597 | D:4      | Found a hazy altar of Hepliaklqana.
  2609 | D:4      | Found a sacrificial altar of Ru.
  2623 | D:4      | Killed Pikel
  2623 | D:4      | Reached skill level 6 in Dodging
  2623 | D:4      | Reached XP level 7. HP: 35/55 MP: 7/7
  2627 | D:4      | Found a radiant altar of Vehumet.
  2644 | D:4      | Became a worshipper of Hepliaklqana
  2917 | D:4      | Reached skill level 5 in Fighting
  3368 | D:4      | Lost mutation: You possess an exceptional clarity of mind. [potion of cure mutation]
  3368 | D:4      | Lost mutation: You expend magic power (3 MP) to strengthen your wands. [potion of cure mutation]
  3368 | D:4      | Lost mutation: You are agile. (Dex +2) [potion of cure mutation]
  3392 | D:5      | Entered Level 5 of the Dungeon
  3411 | D:5      | Gained mutation: You have hoof-like feet. [demonic ancestry]
  3411 | D:5      | Reached XP level 8. HP: 51/62 MP: 8/8
  3550 | D:5      | Noticed matakusis's ghost (novice DsGl)
  3570 | D:5      | Reached skill level 5 in Long Blades
  3579 | D:5      | Found a sparkling altar of Nemelex Xobeh.
  3835 | D:5      | Reached * piety under Hepliaklqana
  3873 | D:5      | Killed matakusis's ghost
  3873 | D:5      | Reached skill level 7 in Dodging
  4490 | D:6      | Found Nacaud's Armour Shop.
  4578 | D:6      | Found a blossoming altar of Fedhas.
  4582 | D:6      | Reached skill level 8 in Dodging
  4647 | D:6      | Noticed Menkaure
  4658 | D:6      | Killed Menkaure
  4674 | D:6      | Reached XP level 9. HP: 32/71 MP: 9/9
  4908 | D:6      | Reached ** piety under Hepliaklqana
  4910 | D:6      | Remembered your ancestor Sagil-Zimu as a battlemage
  5249 | D:6      | Got a pitted leather armour
  5260 | D:6      | Identified the +2 leather armour of Circular Logic {Int+7 Dex-3} (You found it on level 6 of the Dungeon)
  5298 | D:6      | Found a staircase to the Ecumenical Temple.
  5308 | Temple   | Entered the Ecumenical Temple
  5836 | D:7      | Found an oddly glowing altar of Pakellas.
  6080 | D:7      | Reached skill level 9 in Dodging
  6308 | D:6      | Bought the +1 leather armour of the First Snow {rElec Regen+ Str+3} for 382 gold pieces
  6556 | D:7      | Reached skill level 1 in Shields
  6574 | D:7      | Gained mutation: You have hooves in place of feet. [mutagenic meat]
  6577 | D:7      | Gained mutation: Your body sometimes deteriorates upon taking damage. [mutagenic meat]
  6580 | D:7      | Gained mutation: Your mind is acute. (Int +2) [mutagenic meat]
  6583 | D:7      | Lost mutation: Your mind is acute. (Int +2) [mutagenic meat]
  6586 | D:7      | Gained mutation: You can translocate small distances at will. [mutagenic meat]
  6589 | D:7      | Gained mutation: You are frail. (-10% HP) [mutagenic meat]
  7262 | D:8      | Reached XP level 10. HP: 71/71 MP: 10/10
  7313 | D:8      | Reached skill level 10 in Dodging
  7360 | D:8      | Found Zarutwomn's Jewellery Shoppe.
  7416 | D:8      | Reached *** piety under Hepliaklqana
  7452 | D:8      | Found a staircase to the Lair.
  7605 | D:8      | Found a basalt altar of Yredelemnul.
  7606 | D:8      | Found a burning altar of Makhleb.
  8092 | D:9      | Noticed Maurice
  8104 | D:9      | Killed Maurice
  8193 | D:9      | Noticed Grum
  8202 | D:9      | Killed Grum
  8303 | D:9      | Reached skill level 5 in Shields
  8309 | D:9      | Reached skill level 11 in Dodging
  8555 | D:9      | Reached XP level 11. HP: 70/78 MP: 11/11
  8719 | D:10     | Entered Level 10 of the Dungeon
  8925 | D:10     | Noticed Erolcha
  8930 | D:10     | Killed Erolcha
  9065 | D:10     | Noticed a hill giant
  9072 | D:10     | Killed a hill giant
  9403 | D:10     | Gained mutation: Your spells are a little harder to cast, but a little more powerful. [potion of beneficial mutation]
  9409 | D:10     | Noticed an oklob plant
  9409 | D:10     | Noticed an oklob plant
  9473 | D:10     | Gained mutation: You have very sharp teeth. [mutagenic meat]
  9619 | D:11     | Reached **** piety under Hepliaklqana
  9620 | D:11     | Found Fitwit's Armour Boutique.
  9620 | D:11     | Found a staircase to the Orcish Mines.
  9620 | D:11     | Noticed an orc knight
  9644 | D:11     | Killed an orc knight
  9842 | D:11     | Noticed a six-headed hydra
  9849 | D:11     | Killed a ten-headed hydra
  9849 | D:11     | Reached skill level 1 in Armour
 10558 | D:12     | Noticed a cyan ugly thing
 10569 | D:12     | Noticed a cyan ugly thing
 10580 | D:12     | Killed a green ugly thing
 10583 | D:12     | Killed a green ugly thing
 10617 | D:12     | Gained mutation: Your muscles are strong. (Str +2) [mutagenic meat]
 10620 | D:12     | Gained mutation: Your magical capacity is low. (-10% MP) [mutagenic meat]
 10626 | D:12     | Gained mutation: Your flesh is heat resistant. (rF+) [mutagenic meat]
 10654 | D:12     | Noticed Sonja
 10674 | D:12     | Killed Sonja
 10674 | D:12     | Reached skill level 12 in Dodging
 10674 | D:12     | Reached XP level 12. HP: 50/87 MP: 10/10
 10739 | D:12     | Found a large runed door.
 10741 | D:12     | Noticed a sphinx
 10743 | D:12     | Found a large runed door.
 10744 | D:12     | Noticed a sphinx
 10808 | D:12     | Reached ***** piety under Hepliaklqana
 10848 | D:12     | Lost mutation: Your magical capacity is low. (-10% MP) [mutagenic meat]
 10898 | D:12     | Found a large runed door.
 10902 | D:12     | Found a large runed door.
 11193 | D:12     | Found a large runed door.
 11200 | D:12     | Found a large runed door.
 11241 | D:12     | Found a white marble altar of Elyvilon.
 11344 | D:12     | Reached skill level 10 in Fighting
 11438 | D:12     | Found a large runed door.
 11443 | D:12     | Found a large runed door.
 11709 | D:13     | Found a flagged portal.
 11720 | Bailey   | Entered a bailey
 11725 | Bailey   | Noticed an orc warlord
 11811 | Bailey   | Found a runed gate.
 11812 | Bailey   | Found a runed gate.
 11813 | Bailey   | Found a runed gate.
 12009 | Bailey   | Identified a scroll of acquirement
 12012 | Bailey   | Got a faintly glowing copper ring
 12014 | Bailey   | Identified the ring "Zim Dick" {rN+ Slay+4 Stlth+} (You acquired it in a bailey)
 12032 | Bailey   | Killed an orc warlord
 12058 | Bailey   | Identified Sif Muna's Almanac of the Icy Entourage (You found it in a bailey)
 12068 | Bailey   | Got a scintillating lead ring
 12083 | Bailey   | Identified the ring of Ziffiats {rC+ rN+} (You found it in a bailey)
 12091 | Bailey   | Gained mutation: You have a pair of small antennae on your head. [potion of beneficial mutation]
 12113 | D:13     | Found Qazxusme's Assorted Antiques.
 12271 | D:13     | Bought a twitching bone amulet for 180 gold pieces
 12272 | D:13     | Identified the amulet "Lossejoh" {Faith rElec Str+3 Dex-3 Slay+4} (You bought it in a shop on level 13 of the Dungeon)
 12318 | D:13     | Noticed Fenrir042's ghost (journeyman SpEn)
 12328 | D:13     | Killed Fenrir042's ghost
 13052 | D:14     | Found Asook's Armour Boutique.
 13087 | D:14     | Gained mutation: When hurt, damage is shared between your health and your magic reserves. [demonic ancestry]
 13087 | D:14     | Reached XP level 13. HP: 93/93 MP: 11/13
 13102 | D:14     | Reached skill level 1 in Invocations
 13196 | D:14     | Noticed Josephine
 13205 | D:14     | Killed Josephine
 13211 | D:14     | Reached skill level 13 in Dodging
 13246 | D:14     | Reached skill level 10 in Shields
 13589 | D:14     | Got a dazzling cloak
 13600 | D:14     | Identified the +2 cloak "Durucuok" {MP+9 Slay+3} (You acquired it on level 14 of the Dungeon)
 13773 | D:14     | Found a gate to the Vaults.
 13993 | D:15     | Entered Level 15 of the Dungeon
 14074 | D:15     | Noticed Azrael
 14088 | D:15     | Killed Azrael
 14158 | D:15     | Gained mutation: You are surrounded by a strong repulsion field. (EV +4, RMsl) [demonic ancestry]
 14158 | D:15     | Reached XP level 14. HP: 34/101 MP: 5/14
 14361 | D:15     | Gained mutation: You evolve. [mutagenic meat]
 14364 | D:15     | Lost mutation: You can translocate small distances at will. [mutagenic meat]
 14367 | D:15     | Gained mutation: You occasionally shout uncontrollably at your foes. [mutagenic meat]
 14376 | D:15     | Gained mutation: Armour fits poorly on your strangely shaped body. [mutagenic meat]
 14382 | D:15     | Lost mutation: You occasionally shout uncontrollably at your foes. [mutagenic meat]
 14727 | D:15     | Noticed Roxanne
 14748 | D:15     | Reached skill level 14 in Dodging
 14767 | D:15     | Gained mutation: You are agile. (Dex +2) [mutagenic meat]
 14770 | D:15     | Lost mutation: Your spells are a little harder to cast, but a little more powerful. [mutagenic meat]
 14773 | D:15     | Lost mutation: You are frail. (-10% HP) [mutagenic meat]
 14776 | D:15     | Lost mutation: Your body sometimes deteriorates upon taking damage. [mutagenic meat]
 14779 | D:15     | Lost mutation: You are agile. (Dex +2) [mutagenic meat]
 14852 | D:15     | Lost mutation: You have a pair of small antennae on your head. [evolution]
 14867 | D:15     | Found a staircase to the Depths.
 15084 | D:15     | Killed Roxanne
 15084 | D:15     | Reached skill level 10 in Long Blades
 15090 | D:15     | Identified Roxanne's Collected Works on Transmutation (You took it off Roxanne on level 15 of the Dungeon)
 15266 | Orc:1    | Entered Level 1 of the Orcish Mines
 15266 | Orc:1    | Reached ****** piety under Hepliaklqana
 15317 | Orc:1    | Noticed Snorg
 15324 | Orc:1    | Killed Snorg
 15818 | Orc:2    | Entered Level 2 of the Orcish Mines
 15902 | Orc:2    | Found a staircase to the Elven Halls.
 16127 | Orc:2    | Found Zemegami's Assorted Antiques.
 16127 | Orc:2    | Found Kebity's Armour Emporium.
 16129 | Orc:2    | Found Lequr's Armour Boutique.
 16129 | Orc:2    | Found Figy's Magic Scroll Emporium.
 16135 | Orc:2    | Bought a ring of the Octopus King for 100 gold pieces
 16135 | Orc:2    | Identified a ring of the Octopus King {AC+1 EV+1 Str+1 Int+1 Dex+1 SInv} (You bought it in a shop on level 2 of the Orcish Mines)
 16146 | Orc:2    | Bought a scroll of teleportation for 39 gold pieces
 16146 | Orc:2    | Bought a scroll of teleportation for 39 gold pieces
 16695 | Lair:1   | Entered Level 1 of the Lair of Beasts
 16946 | Lair:1   | Gained mutation: You regenerate magic rapidly. [demonic ancestry]
 16946 | Lair:1   | Reached XP level 15. HP: 104/120 MP: 15/15
 17054 | Lair:1   | You fall through a shaft!
 17219 | Lair:1   | Noticed Nergalle
 17226 | Lair:1   | Killed Nergalle
 17500 | Lair:2   | Noticed Erica
 17512 | Lair:2   | Killed Erica
 17573 | Lair:2   | Reached skill level 15 in Dodging
 17810 | Lair:2   | Found a staircase to the Snake Pit.
 18018 | Lair:2   | Upgraded the game from 0.19-a0-892-g8a19e52 to 0.19-a0-905-ge5e6a15
 18272 | Lair:3   | Gained mutation: Your muscles are very strong. (Str +4) [evolution]
 18610 | Lair:3   | Found a staircase to the Shoals.
 19093 | Lair:4   | You fall through a shaft for 2 floors!
 19093 | Lair:6   | Entered Level 6 of the Lair of Beasts
 19139 | Lair:6   | Found a staircase to the Slime Pits.
 19140 | Lair:6   | Found a viscous altar of Jiyva.
 19483 | Lair:4   | Lost mutation: Your flesh is heat resistant. (rF+) [potion of mutation]
 19483 | Lair:4   | Gained mutation: Your system is resistant to poisons. (rPois) [potion of mutation]
 20881 | Lair:6   | Lost mutation: Armour fits poorly on your strangely shaped body. [evolution]
 21298 | Lair:6   | Identified Mabryram's Catalogue of Gliding Battle Magic
 21605 | Shoals:1 | Entered Level 1 of the Shoals
 21610 | Shoals:1 | Mutation became permanent: You have hooves in place of feet. [demonic ancestry]
 21610 | Shoals:1 | Reached XP level 16. HP: 124/129 MP: 16/16
 22190 | Shoals:2 | Found a frozen archway.
 22207 | IceCv    | Entered an ice cave
 22440 | IceCv    | Reached skill level 16 in Dodging
 22716 | IceCv    | Noticed an Ice Fiend
 22724 | IceCv    | Killed an Ice Fiend
 22772 | IceCv    | Identified Sesoexie's Catalogue of the Ghastly Glacier
 23859 | Shoals:3 | Slain by a merfolk aquamancer

Vault maps used:
D:1:      dpeg_arrival_windows_large_door
D:2:      zin_academy, first_bread
D:3:      marbit_many_paths, uniq_crazy_yiuf_cottage
D:4:      grunt_temple_overflow_open, uniq_pikel
D:5:      nemelex_spade_bored_becter
D:6:      serial_shops, shop_fountains, minivault_26, fedhas_altar_fruit_tree,
          uniq_menkaure
D:7:      kennysheep_seaside_town, grunt_pakellas_salt, grunt_ogre_cave
D:8:      gammafunk_temple_overflow_statue, lair_0_dummy, serial_shops,
          nicolae_shop_crystal, kennysheep_boxes
D:9:      uniq_grum, uniq_maurice
D:10:     minivault_26, hangedman_decor_peaks_small, hangedman_tree_tricks,
          uniq_erolcha
D:11:     orc_david_3
D:12:     minmay_five_octagons, elyvilon_altar_4, uniq_sonja
D:13:     lab_entry_generic, serial_shops, shop, enter_bailey_3
D:14:     grunt_vaults_entry_tiered, serial_shops, shop,
          hangedman_decor_opposing, uniq_josephine
D:15:     hangedman_depths_entry_try_elsewhere_first, serial_bayou_pond_c,
          minivault_24, uniq_azrael, uniq_roxanne
Temple:   compressed_dpeg_circular_temple
Lair:1:   grunt_forest_large_clearings, grunt_megastairs_5, uniq_nergalle
Lair:2:   minmay_snake_entry_guardpost_medium, minivault_25,
          serial_bayou_pond_d, uniq_erica
Lair:3:   elwin_shoals_entry_rooms, beast_lair_carwin_9, grunt_megastairs_4,
          serial_bayou_shore_a
Lair:4:   lemuel_fruit_fields, infiniplex_staircase_pool
Lair:6:   due_jungle_book, slime_altar_1, columned_hall_lemuel
Shoals:2: portal_ice_cave_entry_dragon
Shoals:3: nicolae_shoals_water_shrine
Orc:1:    uniq_snorg
Orc:2:    grunt_orc_tribal_feast
Bailey:   bailey_axe_bossmonster_kennysheep, bailey
IceCv:    ice_cave_caverns_01

Skill      XL: |  1  2  3  4  5  6  7  8  9 10 11 12 13 14 15 16 |
---------------+-------------------------------------------------+-----
Dodging        | 3 4 6 8 9 11 12 13 14 15 16 | 16.2
Long Blades    | 3 4 5 6 7 8 9 10 11 | 11.5
Fighting       | 3 4 5 6 7 8 9 10 11 12 13 | 13.3
Shields        | 2 5 7 9 11 12 13 14 | 14.3
Armour         | 1 2 3 4 |  4.2
Invocations    | 1 |  1.0
Throwing       | |  1.7

Action                   |  1- 3 |  4- 6 |  7- 9 | 10-12 | 13-15 | 16-18 || total
-------------------------+-------+-------+-------+-------+-------+-------++-------
Melee: Long sword        |   104 |   124 |   243 |   521 |   924 |   240 ||  2156
       Kick              |       |    26 |    82 |   179 |   387 |    99 ||   773
       Bite              |       |       |       |    47 |   142 |    37 ||   226
Throw: Throwing net      |       |     3 |       |       |     1 |       ||     4
Invok: Recall Ancestor   |       |       |     2 |     1 |     4 |       ||     7
       Ancestor Life: Ba |       |       |     1 |       |       |       ||     1
       Idealise          |       |       |       |     1 |       |       ||     1
 Abil: Blink             |       |       |     5 |       |       |       ||     5
Evoke: Wand              |       |       |       |     5 |       |       ||     5
  Use: Scroll            |       |    10 |     9 |    17 |    11 |     5 ||    52
       Potion            |       |     6 |     3 |     7 |     3 |     2 ||    21
 Stab: Sleeping          |     2 |       |       |       |    10 |     2 ||    14
       Distracted        |       |     1 |     2 |     3 |     8 |     2 ||    16
  Eat: Chunk             |       |    24 |    21 |    21 |    37 |     7 ||   110
       Royal jelly       |       |       |       |     1 |       |     1 ||     2
       Meat ration       |       |       |       |       |     1 |       ||     1
Armor: Leather armour    |    31 |    12 |    21 |    38 |    41 |    19 ||   162
Dodge: Dodged            |    75 |    72 |   151 |   298 |   424 |   112 ||  1132
       Deflected         |       |       |       |       |     9 |     9 ||    18
Block: Shield            |       |       |    41 |   354 |   581 |   165 ||  1141
